[Event "Live Chess"]
[Site "Chess.com"]
[Date "2024.06.02"]
[Round "-"]
[White "Cruiseylee78"]
[Black "grillage"]
[Result "0-1"]
[WhiteElo "1651"]
[BlackElo "1864"]
[TimeControl "300"]
[EndTime "18:22:25 PDT"]
[Termination "grillage won by resignation"]

1. d4 e6 2. Bf4 Nf6 3. e3 c5 4.
c3 cxd4 5. exd4 Be7 6. Nf3 b6 7. Bd3 Ba6 8. Qc2 Bxd3 9. Qxd3 O-O 10. Nbd2 d6 11. O-O-O Nbd7 12. h4 b5 13. Qxb5 Rb8 14. Qd3 Qb6 15. b3 a5 16. h5 h6 17. Rhg1 a4 18. g4 axb3 19. axb3 Rfc8 20. g5 hxg5 21. Rxg5 Nd5 22. Rg4 Rxc3+ 23. Kb2 Rxd3 0-1

[Event "Live Chess"]
[Site "Chess.com"]
[Date "2024.06.02"]
[Round "-"]
[White "MagnersCarlsberg2870"]
[Black "NAZRIZ1977"]
[Result "1-0"]
[WhiteElo "1802"]
[BlackElo "2114"]
[TimeControl "300"]
[EndTime "18:22:55 PDT"]
[Termination "MagnersCarlsberg2870 won by resignation"]

1. d4 Nf6 2. Nf3 g6 3. Nc3 d5 4. Bg5 Bg7 5. Qd2 Ne4 6. Nxe4 dxe4 7. Ne5 f6 8. Bh6 Bxh6 9. Qxh6 fxe5 10. Qg7 Rf8 11. dxe5 e6 12. Qxh7 Qe7 13. Qxg6+ Qf7 14. Qxe4 Nd7 15. f3 Nc5 16. Qd4 b6 17. O-O-O Qf4+ 18. Qxf4 Rxf4 19. e4 Bb7 20. h4 Ke7 21. h5 Rh8 22. g4 Rxf3 23. g5 Bxe4 24. g6 Bxg6 25. Bg2 Rf2 26. hxg6 Rg8 27. Rh7+ Ke8 28. Bc6+ 1-0

[Event "Live Chess"]
[Site "Chess.com"]
[Date "2024.06.02"]
[Round "-"]
[White "ACM42"]
[Black "WelshTiger"]
[Result "0-1"]
[WhiteElo "2160"]
[BlackElo "2446"]
[TimeControl "300"]
[EndTime "18:22:58 PDT"]
[Termination "WelshTiger won on time"]

1. e4 c5 2. Nf3 d6 3. d4 cxd4 4.
Nxd4 Nf6 5. Nc3 Nc6 6. Be2 e5 7.
Ndb5 a6 8. Na3 b5 9. Nd5 Nxe4 10. O-O Be7 11. c4 b4 12. Nc2 a5 13. Bf3 f5 14. Bxe4 fxe4 15. Qh5+ g6 16. Qh6 Be6 17. Qg7 Rg8 18. Qxh7 Nd4 19. Nce3 Ra7 20. b3 Rd7 21. Nxe7 Qxe7 22. Qxe7+ Kxe7 23. Bb2 Nf5 24. Rfe1 Rc8 25.
Rad1 a4 26. Nd5+ Bxd5 27. Rxd5 axb3 28. axb3 Ra7 29. Rb5 Ra2 30. Bc1 Nd4 31. Rxb4 Nc2 32. Rb7+ Ke6 33. Rf1 Nd4 34. Be3 Rb2 35. g4 Rxb3 36.
Rg7 Nf3+ 37. Kg2 Rh8 38. h3 Nh4+ 39. Kg3 Rc3 40. Rc7 Nf3 41. Rd1 Nd4 42. c5 Rxc5 0-1

[Event "Live Chess"]
[Site "Chess.com"]
[Date "2024.06.02"]
[Round "-"]
[White "WelshTiger"]
[Black "Cruiseylee78"]
[Result "1-0"]
[WhiteElo "2446"]
[BlackElo "1651"]
[TimeControl "300"]
[EndTime "18:24:17 PDT"]
[Termination "WelshTiger won by resignation"]

1. e4 d6 2. d4 Nd7 3. Nf3 e5 4.
Nc3 c6 5. a4 h6 6. Bc4 Ngf6 7. h3 Be7 8. Be3 Nf8 9. dxe5 dxe5 10.
Qxd8+ Bxd8 11. Nxe5 Bc7 12. Nxf7 Ke7 13. Nxh8 1-0

[Event "Live Chess"]
[Site "Chess.com"]
[Date "2024.06.02"]
[Round "-"]
[White "NeilDruggan73"]
[Black "Frankie_Badacsonyi"]
[Result "0-1"]
[WhiteElo "1774"]
[BlackElo "2409"]
[TimeControl "300"]
[EndTime "18:24:18 PDT"]
[Termination "Frankie_Badacsonyi won on time"]

1. d4 Nc6 2. d5 Ne5 3. Nf3 Nxf3+ 4. gxf3 e6 5. dxe6 dxe6 6. Qxd8+ Kxd8 7. e4 Bd7 8. Be3 Bb4+ 9. Nd2 Nf6 10. O-O-O Bxd2+ 11. Rxd2 b6 12. Bb5 Ke7 13. Bxd7 Nxd7 14. Rhd1 Rad8 15. f4 Nf6 16. Rxd8 Rxd8 17. Rxd8 Kxd8 18. f3 Kd7 19. c4 Ne8 20. e5 g6 21. b4 Ng7 22.
c5 Kc6 23. cxb6 cxb6 24. a4 a6 25. Kc2 b5 26. a5 Kd5 27. Kc3 Nf5 28. Bf2 Ne7 29.
Bb6 Nf5 30. Bf2 Ng7 31. Bh4 h5 32. Bf2 Nf5 33. h4 Ne7 34. Bc5 Nf5 35. Bf2 Kc6 36. Kd3 Ne7 37. Bc5 Nd5 38. Ke4 Nc7 39.
Bd6 Ne8 40. Be7 Ng7 41. Bc5 Nf5 42. Bf2 Ne7 43. Bc5 Nd5 44. Bf8 Kd7 45. Bc5 Nc7 46. Bd6 Ne8 47. Bc5 Ng7 48. Bf2 Kc6 49. Kd4 Nf5+ 50. Ke4 Kd7 51. Kd3 Ke7 52. Ke4 f6 53. Bc5+ Kf7 54. Bf2 Ke7 55. exf6+ Kxf6 56. Bd4+ Ke7 57. Bf2 Kd6 58. Bc5+ Kd7 59. Bf2 Ke7 60. Ke5 Kf7 61. Ke4 Nd6+ 62. Ke5 Nc4+ 63. Kd4 Kf6 64. Kc5 Kf5 0-1

[Event "Live Chess"]
[Site "Chess.com"]
[Date "2024.06.02"]
[Round "-"]
[White "Tushinskiy"]
[Black "Crowded_House"]
[Result "1-0"]
[WhiteElo "2260"]
[BlackElo "1705"]
[TimeControl "300"]
[EndTime "18:24:37 PDT"]
[Termination "Tushinskiy won by resignation"]

1. d4 e6 2. c3 d5 3. Nf3 c5 4. Bf4 Bd6 5. Bg3 Nf6 6. e3 Ne4 7. Nbd2 Nxg3 8. hxg3 h6 9. Bd3 Nc6 10. Qe2 b6 11. O-O f5 12. Rad1 Qf6 13. a3 Bd7 14. c4 dxc4 15. Nxc4 Bc7 16. dxc5 bxc5 17. e4 fxe4 18. Bxe4 O-O 19. Rxd7 Ne5 20. Rxc7 Rac8 21. Rxc8 Rxc8 22. Nfxe5 1-0

[Event "Live Chess"]
[Site "Chess.com"]
[Date "2024.06.02"]
[Round "-"]
[White "Dhaydon19"]
[Black "KeithArkell"]
[Result "1/2-1/2"]
[WhiteElo "2677"]
[BlackElo "2455"]
[TimeControl "300"]
[EndTime "18:24:41 PDT"]
[Termination "Game drawn by repetition"]

1. d4 e6 2. c3 Nf6 3. Nf3 c5 4. g3 cxd4 5. Nxd4 Nc6 6. Nxc6 bxc6 7. Bg2 d5 8. O-O Be7 9. Nd2 O-O 10. e4 a5 11. Re1 a4 12. exd5 cxd5 13. Nf3 Bb7 14. Nd4 Qb6 15. Qc2 Rfe8 16. h3 g6 17. Be3 Qc7 18. Bf4 Qa5 19. Rad1 Rac8 20. Nf3 Ne4 21. Nd2 Nxd2 22. Bxd2 Bf6 23. Qd3 Qb6 24. Qf3 Bg7 25. Bc1 a3 26. bxa3 Rxc3 27. Be3 d4 28. Qxb7 Qxb7 29.
Bxb7 dxe3 30. Rxe3 Rxe3 31. fxe3 Bc3 32. Rd3 Ba5 33. Kf2 Re7 34. Rb3 Rc7 35. Be4 Rc1 36.
Rb1 Rc3 37. Rb3 Rc1 38. Rb1 Rc4 39. Bd3 Ra4 40. Rb3 Bc7 41. Bb5 Ra7 42. a4 Kg7 43. Kf3 f5 44. g4 Kf6 45. Rc3 Be5 46. Rc5 Bd6 47. Rc6 Bb4 48. Bc4 Re7 49. e4 fxg4+ 50. hxg4 Ke5 51. a5 Bxa5 52. Bxe6 Rxe6 53. Rc5+ Kd4 54. Rxa5 Rf6+ 55. Kg3 Kxe4 56. Ra7 h6 57. Ra4+ Ke3 58. Ra3+ Ke2 59. Rb3 Ra6 60. a3 g5 61.
Rc3 Kd2 62. Rf3 Ke2 63. Rb3 Kd2 64. Rf3 Kc2 65. Re3 Kb2 66. Kf3 Rf6+ 67. Kg3 Ra6 68. Kf3 Rf6+ 69. Kg3 Ra6 1/2-1/2

[Event "Live Chess"]
[Site "Chess.com"]
[Date "2024.06.02"]
[Round "-"]
[White "CarmelJane"]
[Black "MaksymYurii"]
[Result "1-0"]
[WhiteElo "2047"]
[BlackElo "970"]
[TimeControl "300"]
[EndTime "18:25:03 PDT"]
[Termination "CarmelJane won by resignation"]

1. e4 d5 2. exd5 Qxd5 3. Nf3 Qh5 4. Be2 Qg6 5. d4 Qxg2 6. Rg1 Qh3 7. Rg3 Qd7 8. Nc3 Nf6 9. Ne5 Qd6 10. Nb5 Qd8 11. Bc4 e6 12. Bf4 Bd6 13. Rd3 O-O 14. Bg5 Bxe5 15.
dxe5 Qe7 16. exf6 Qc5 17. Rd8 g6 18. Rxf8+ Qxf8 19. Qd2 Qc5 20. Qd8+ Qf8 21. Qxf8+ Kxf8 22. Bh6+ Kg8 23. Nxc7 Nc6 24. Nxa8 Nd4 25. O-O-O Nc6 26. Bb5 1-0

[Event "Live Chess"]
[Site "Chess.com"]
[Date "2024.06.02"]
[Round "-"]
[White "booktrunk"]
[Black "stevochess11"]
[Result "0-1"]
[WhiteElo "1500"]
[BlackElo "1690"]
[TimeControl "300"]
[EndTime "18:25:27 PDT"]
[Termination "stevochess11 won by resignation"]

1. d4 Nf6 2. Nc3 d5 3. g3 g6 4. Bg2 Bg7 5. Bd2 O-O 6. Nf3 c5 7.
dxc5 Nc6 8. O-O Nd7 9. Be3 Qa5 10. Bd2 Qxc5 11. Na4 Qd6 12. Rb1 e5 13. Bc3 b5 14. b3 bxa4 15. bxa4 d4 16. Bb2 e4 17. c3 exf3 18. Bxf3 Nde5 19. Bg2 Rd8 20. cxd4 Nxd4 21. Bxa8 Ba6 22. Bxd4 Qxd4 23. Qxd4 Rxd4 24. Bg2 Bxe2 25. Rfe1 Rd2 26. Bf1 Nf3+ 27. Kg2 Nxe1+ 28. Rxe1 Bxf1+ 29. Kxf1 Rxa2 30. Re4 a5 31. Rc4 Be5 32. f4 Bd6 33. Kg1 Bb4 34. Kh1 Rxa4 35. Kg2 Ra2+ 36. Kh3 Be7 37.
Rc8+ Kg7 38. Rc7 Bf6 39. g4 h6 40. g5 hxg5 41. fxg5 Ra3+ 42. Kg4 Ra4+ 43. Kf3 Bxg5 44. Ra7 Bd2 45. Ke2 Bb4 46. h3 Ra2+ 47. Kf3 a4 0-1

[Event "Live Chess"]
[Site "Chess.com"]
[Date "2024.06.02"]
[Round "-"]
[White "e4evr"]
[Black "StoreySniper"]
[Result "0-1"]
[WhiteElo "2239"]
[BlackElo "2516"]
[TimeControl "300"]
[EndTime "18:27:27 PDT"]
[Termination "StoreySniper won by checkmate"]

1. h4 g6 2. f3 Bg7 3. Kf2 d5 4. c3 c5 5. d3 Nc6 6. Bf4 e5 7. Bh2 Qxh4+ 8. g3 Qe7 9. Kg2 Nf6 10. Nd2 h5 11. Kf2 e4 12. Ke1 e3 13. Nb1 d4 14. c4 g5 15. Qa4 Bd7 16. Qa3 Nb4 17. Kd1 h4 18. g4 Bc6 19. Bh3 Nd7 20. Qb3 Be5 21. Bxe5 Nxe5 22. a3 Na6 23. Kc1 Ng6 24. Qd1 Nf4 25. Bf1 b5 26. cxb5 Bxb5 27. a4 Bc6 28.
Na3 Nb4 29. Nc4 O-O 30. Nh3 Nxh3 31. Rxh3 Nd5 32. a5 Nf4 33. Rh2 Bd5 34. Ra4 Rfb8 35.
Qc2 Rb7 36. Bh3 Rab8 37. Ra2 Rb4 38. Rh1 f6 39. Bf1 Kg7 40. Rg1 Kh6 41. Bg2 Qh7 42. Ra4 Bxc4 43. Rxb4 Rxb4 44. dxc4 Qxc2+ 45. Kxc2 Nxe2 46.
Ra1 Nf4 47. Bf1 e2 48. Bxe2 Nxe2 49. b3 Nf4 50. Re1 d3+ 51. Kc3 h3 52. Re8 Ng6 53. Re1 Nf4 54. Re8 a6 55. Re1 Rb8 56.
Rh1 Kg6 57. Rd1 Re8 58. b4 cxb4+ 59. Kxb4 h2 60. Rh1 Re2 61. c5 d2 62. c6 Re1 63.
Rxh2 d1=Q 64. c7 Qd4+ 65. Kb3 Re3+ 66. Ka2 Qa4+ 67. Kb2 Qb4+ 68. Kc2 Qc3+ 69. Kb1 Re1+ 70. Ka2 Ra1# 0-1

[Event "Live Chess"]
[Site "Chess.com"]
[Date "2024.06.02"]
[Round "-"]
[White "gobbles19"]
[Black "NAZRIZ1977"]
[Result "1-0"]
[WhiteElo "2298"]
[BlackElo "2110"]
[TimeControl "300"]
[EndTime "18:27:35 PDT"]
[Termination "gobbles19 won by resignation"]

1. Nf3 c5 2. e4 d6 3. d4 cxd4 4. c3 Nf6 5. Bd3 Nc6 6. cxd4 Bg4 7. Be3 d5 8. e5 Ne4 9. O-O e6 10. Nbd2 Nxd2 11. Qxd2 Bxf3 12. gxf3 Qh4 13. Kh1 Be7 14. Rg1 Kf8 15. Rg4 Qh3 16. Be2 h5 17. Rg3 Qh4 18.
Rag1 Rg8 19. f4 Rc8 20. Bf1 Bb4 21. Qe2 Nxd4 22. Bxd4 Qxf4 23. Qe3 Qxe3 24. Rxe3 Rc2 25. Rb3 Be1 26. Rxb7 1-0

[Event "Live Chess"]
[Site "Chess.com"]
[Date "2024.06.02"]
[Round "-"]
[White "Dhaydon19"]
[Black "Tushinskiy"]
[Result "1-0"]
[WhiteElo "2678"]
[BlackElo "2259"]
[TimeControl "300"]
[EndTime "18:27:37 PDT"]
[Termination "Dhaydon19 won by resignation"]

1. d4 d5 2. Nf3 c6 3. g3 Nf6 4. Bg2 Bg4 5. c3 Nbd7 6. Nbd2 e6 7. O-O Bd6 8. Re1 O-O 9. e4 dxe4 10. Nxe4 Nxe4 11.
Rxe4 Bf5 12. Re1 Bg6 13. Qb3 Qc7 14. Nd2 Nb6 15. a4 a5 16. Ne4 Be7 17. Bf4 Qd8 18.
Nc5 Bxc5 19. dxc5 Nd5 20. Bd6 Re8 21. Qxb7 h5 22. Qxc6 Rc8 23. Qb5 h4 24. Bxd5 exd5 25. Rxe8+ Qxe8 26. Qxe8+ Rxe8 27. c6 hxg3 28. hxg3 Bf5 29.
c7 f6 30. b4 Kf7 31. b5 Ke6 32. Bf4 Kd7 33. Rd1 Be6 34. c4 g5 35. cxd5 gxf4 36.
dxe6+ Kxc7 37. Rd7+ Kb6 38. e7 fxg3 39. fxg3 Kc5 40. Kf2 Kb4 41. b6 Kxa4 42. b7 1-0

[Event "Live Chess"]
[Site "Chess.com"]
[Date "2024.06.02"]
[Round "-"]
[White "lyricalschemes"]
[Black "oscalik"]
[Result "1-0"]
[WhiteElo "2243"]
[BlackElo "2269"]
[TimeControl "300"]
[EndTime "18:28:00 PDT"]
[Termination "lyricalschemes won by resignation"]

1. e4 e5 2. Nc3 Nf6 3. f4 d5 4. fxe5 Nxe4 5. Qf3 Nxc3 6. dxc3 c5 7. Bb5+ Nc6 8. Qg3 Be6 9. Nf3 h6 10. O-O Qb6 11.
Bxc6+ Qxc6 12. Be3 O-O-O 13. Rfd1 Be7 14. Qf2 f5 15.
exf6 gxf6 16. b4 cxb4 17. cxb4 Bxb4 18. Bxa7 Bc3 19. Rab1 Bg4 20. Rb6 Qc4 21. Qg3 Bxf3 22. Qb8+ Kd7 23. Qxb7+ Ke8 24. Re6+ Kf8 25. Qe7+ Kg8 26.
Qxd8+ Kg7 27. Re7+ Kg6 28. Qxh8 Qe2 29. Rxe2 1-0

[Event "Live Chess"]
[Site "Chess.com"]
[Date "2024.06.02"]
[Round "-"]
[White "grillage"]
[Black "asingardenof"]
[Result "1-0"]
[WhiteElo "1864"]
[BlackElo "626"]
[TimeControl "300"]
[EndTime "18:28:46 PDT"]
[Termination "grillage won by resignation"]

1. d4 Nf6 2. Nf3 Nc6 3. d5 Nb4 4. c4 d6 5. Qa4+ Bd7 6. Qxb4 c5 7. Qb3 g6 8. Nc3 Bg7 9. e4 e5 10. dxe6 fxe6 11. Bg5 b6 12. Be2 Bc6 13. Qc2 e5 14.
Nd5 Bxd5 15. cxd5 h6 16. Bb5+ Kf7 17. Bxf6 Bxf6 18. Bc6 Rb8 19. O-O g5 20. Nd2 g4 21.
g3 h5 22. Nc4 Rh6 23. Ne3 Bg5 24. Nf5 Rf6 25. Qe2 Qc8 26. Rac1 Bxc1 27. Rxc1 Qc7 28. Qe3 Rg6 29. Nh4 Rh6 30. Qxh6 1-0

[Event "Live Chess"]
[Site "Chess.com"]
[Date "2024.06.02"]
[Round "-"]
[White "Crowded_House"]
[Black "KeithArkell"]
[Result "0-1"]
[WhiteElo "1705"]
[BlackElo "2455"]
[TimeControl "300"]
[EndTime "18:28:51 PDT"]
[Termination "KeithArkell won by resignation"]

1. d4 e6 2. Nf3 Nf6 3. Bg5 c5 4. c3 cxd4 5. Nxd4 Nc6 6. Nxc6 bxc6 7. e3 Be7 8. Bd3 d5 9. O-O a5 10. Nd2 Ba6 11. Bxa6 Rxa6 12. Nf3 O-O 13. Qd3 Rb6 14. b3 Ne4 15. Bxe7 Qxe7 16. Nd2 Nxd2 17. Qxd2 c5 18. Qc2 Rfb8 19. Rfd1 h6 20. c4 Qd6 21. cxd5 exd5 22. Qd2 a4 23. bxa4 Rd8 24. Rab1 Rxb1 25. Rxb1 c4 26. Rb5 Qa3 27. h3 Qxa4 28. Rb2 Qc6 29. Kf1 c3 30. Qc2 cxb2 31. Qxb2 Rc8 0-1

[Event "Live Chess"]
[Site "Chess.com"]
[Date "2024.06.02"]
[Round "-"]
[White "Frankie_Badacsonyi"]
[Black "WelshTiger"]
[Result "1/2-1/2"]
[WhiteElo "2410"]
[BlackElo "2445"]
[TimeControl "300"]
[EndTime "18:29:15 PDT"]
[Termination "Game drawn by repetition"]

1. Nf3 Nf6 2. b3 c5 3. Bb2 Nc6 4. e3 a6 5. d4 e6 6. Be2 d5 7. O-O Be7 8. Nbd2 O-O 9. c4 cxd4 10. Nxd4 Bd7 11. cxd5 Nxd5 12. Nc4 Bf6 13. Bf3 Nxd4 14. Bxd4 Bc6 15. Rc1 Bxd4 16. Qxd4 Qf6 17. Qxf6 gxf6 18. Na5 Rac8 19. Nxc6 Rxc6 20. Bxd5 exd5 21. Rxc6 bxc6 22. Rc1 Rc8 23. Kf1 Kf8 24. Ke2 Ke7 25. Kd3 Kd6 26.
b4 a5 27. b5 c5 28. a4 Re8 29. f3 f5 30. Rb1 Kc7 31. g3 h5 32. Rc1 Kd6 33.
Rb1 Kc7 34. Rc1 Kd6 35. Rb1 Kc7 1/2-1/2

[Event "Live Chess"]
[Site "Chess.com"]
[Date "2024.06.02"]
[Round "-"]
[White "Duke_of_Bebington"]
[Black "CarmelJane"]
[Result "1-0"]
[WhiteElo "1662"]
[BlackElo "2032"]
[TimeControl "300"]
[EndTime "18:29:22 PDT"]
[Termination "Duke_of_Bebington won by resignation"]

1. e4 c5 2. Nf3 e6 3. d4 cxd4 4. Nxd4 Nf6 5. Nc3 Nc6 6. Be3 Bb4 7. a3 Bxc3+ 8. bxc3 Nxe4 9. Nb5 d5 10. Bd3 Nf6 11.
O-O e5 12. Bc5 Bg4 13. f3 Bh5 14. Nd6+ Kd7 15. Bf5+ Kc7 16. Nb5+ Kb8 17. Bd6+ Qxd6 18. Nxd6 Kc7 19. Nb5+ Kb8 20. c4 d4 21. Qe2 a6 22.
Nd6 Rd8 23. Ne4 Nxe4 24. Bxe4 Rf8 25. Bxc6 bxc6 26. Qxe5+ Ka7 27. Qxh5 1-0

[Event "Live Chess"]
[Site "Chess.com"]
[Date "2024.06.02"]
[Round "-"]
[White "NeilDruggan73"]
[Black "Cruiseylee78"]
[Result "1-0"]
[WhiteElo "1779"]
[BlackElo "1646"]
[TimeControl "300"]
[EndTime "18:30:21 PDT"]
[Termination "NeilDruggan73 won by resignation"]

1. d4 d6 2. Bg5 Nd7 3. e4 h6 4. Bh4 Ngf6 5. Nc3 e5 6. d5 c6 7. Be2 Qc7 8. Nf3 Be7 9. O-O g5 10.
Bg3 Nf8 11. a4 Ng6 12. b4 Nf4 13. Bc4 Rg8 14. dxc6 bxc6 15. b5 g4 16. Nh4 h5 17.
bxc6 a5 18. Nb5 Qxc6 19. Bd5 N6xd5 20. exd5 Nxd5 21. Qxd5 Qxd5 22. Nc7+ Kf8 23. Nxd5 Bb7 24. Nxe7 Kxe7 25. Nf5+ Kf6 26. Ne3 Rh8 27. Rab1 Be4 28. f3 h4 29. Nxg4+ Kg5 30. Be1 Bxc2 31. Bd2+ Kf5 32.
Rb7 Bxa4 33. Rxf7+ Kg6 34. Rf6+ Kg7 35. Rxd6 Bb5 36.
Re1 h3 37. g3 Raf8 38. Re3 a4 39. Bc3 Rf5 40. Bxe5+ Rxe5 41. Rxe5 a3 42. Re7+ Kf8 43. Rb7 Be8 44. Ra6 1-0

[Event "Live Chess"]
[Site "Chess.com"]
[Date "2024.06.02"]
[Round "-"]
[White "e4evr"]
[Black "ACM42"]
[Result "0-1"]
[WhiteElo "2229"]
[BlackElo "2170"]
[TimeControl "300"]
[EndTime "18:30:59 PDT"]
[Termination "ACM42 won by checkmate"]

1. c4 Nf6 2. g3 g6 3. Bh3 Bg7 4.
Bg2 O-O 5. Na3 d6 6. Nc2 c5 7.
Rb1 Nc6 8. Na1 a5 9. f4 Qc7 10. Nh3 Rb8 11. Nf2 b5 12. cxb5 Rxb5 13. O-O Ba6 14. Nh1 Rfb8 15. Re1 d5 16. Bf1 d4 17.
e4 e5 18. Bxb5 Bxb5 19. d3 c4 20. Nf2 cxd3 21. Nxd3 Bxd3 22. Qxd3 Nb4 23. Qf1 Nxa2 24. Bd2 Qb7 25. Bxa5 Nxe4 26. Nc2 f5 27. fxe5 d3 28. Qxd3 Qa7+ 29. Kh1 Nf2+ 30. Kg2 Nxd3 31. Bb6 Qxb6 32. Re4 Qc6 33. Nb4 Qxe4+ 34. Kh3 Nf2# 0-1

[Event "Live Chess"]
[Site "Chess.com"]
[Date "2024.06.02"]
[Round "-"]
[White "grillage"]
[Black "lyricalschemes"]
[Result "0-1"]
[WhiteElo "1862"]
[BlackElo "2247"]
[TimeControl "300"]
[EndTime "18:31:12 PDT"]
[Termination "lyricalschemes won by resignation"]

1. d4 Nf6 2. Nf3 d5 3. c4 e6 4.
cxd5 exd5 5. Nc3 Bb4 6. Qa4+ Nc6 7. Bg5 Bxc3+ 8. bxc3 O-O 9. e3 Bf5 10. Be2 Qd6 11.
Bf4 Qd7 12. O-O Ne4 13. Rac1 a6 14. c4 Nxd4 15. Nxd4 Qxa4 0-1

[Event "Live Chess"]
[Site "Chess.com"]
[Date "2024.06.02"]
[Round "-"]
[White "Mikhail_Golubev"]
[Black "ShanthamGrarks"]
[Result "1-0"]
[WhiteElo "2570"]
[BlackElo "1861"]
[TimeControl "300"]
[EndTime "18:31:59 PDT"]
[Termination "Mikhail_Golubev won by checkmate"]

1. e4 e6 2. d4 d5 3. e5 c5 4.
c3 Nc6 5. Nf3 Qb6 6. Bd3 cxd4 7.
O-O h6 8. cxd4 Bd7 9. Nc3 Nxd4 10. Nxd4 Qxd4 11. Nb5 Qxe5 12. Re1 Qb8 13. Qf3 g5 14. Qxd5 Nf6 15. Qc4 Bd6 16. Qc3 Ke7 17. Nd4 e5 18. Nf5+ Bxf5 19. Bxf5 Qc7 20. Qh3 Rag8 21. Be3 Nd5 22. Rac1 Qd8 23. Red1 Nxe3 24. Qxe3 Qb6 25. Qf3 Rd8 26. Rd5 Qxb2 27. Rb1 Qxa2 28. Rxb7+ Kf8 29. g3 Be7 30. Be6 Rxd5 31. Qxf7# 1-0

[Event "Live Chess"]
[Site "Chess.com"]
[Date "2024.06.02"]
[Round "-"]
[White "asingardenof"]
[Black "Harry_Li"]
[Result "0-1"]
[WhiteElo "626"]
[BlackElo "2114"]
[TimeControl "300"]
[EndTime "18:32:20 PDT"]
[Termination "Harry_Li won by checkmate"]

1. d4 Nf6 2. c4 g6 3. e3 Bg7 4. Nc3 O-O 5. Nf3 d6 6. Bd3 Nbd7 7. O-O e5 8. d5 Nc5 9. Bc2 a5 10. Nb5 e4 11. Ng5 h6 12. Nxe4 Nfxe4 13. Qe1 c6 14. Nd4 cxd5 15. cxd5 Qh4 16. g3 Qh5 17. a3 Qxd5 18.
b4 axb4 19. a4 Ng5 20. Qxb4 Nh3# 0-1

[Event "Live Chess"]
[Site "Chess.com"]
[Date "2024.06.02"]
[Round "-"]
[White "Frankie_Badacsonyi"]
[Black "MagnersCarlsberg2870"]
[Result "1-0"]
[WhiteElo "2410"]
[BlackElo "1802"]
[TimeControl "300"]
[EndTime "18:33:45 PDT"]
[Termination "Frankie_Badacsonyi won by resignation"]

1. Nf3 Nc6 2. d4 d5 3. g3 Bf5 4. Bg2 Qd7 5. c4 O-O-O 6. cxd5 Nb4 7. Na3 e6 8. dxe6 Qxe6 9. O-O h5 10. Qa4 Kb8 11.
Bf4 h4 12. Nb5 Bd6 13. Bxd6 cxd6 14. Qxb4 hxg3 15. fxg3 Bh3 16. Qa5 Nf6 17. Qxa7+ Kc8 18. Rac1+ Kd7 19. Qxb7+ Ke8 20. Nc7+ 1-0

[Event "Live Chess"]
[Site "Chess.com"]
[Date "2024.06.02"]
[Round "-"]
[White "lyricalschemes"]
[Black "gobbles19"]
[Result "0-1"]
[WhiteElo "2230"]
[BlackElo "2305"]
[TimeControl "300"]
[EndTime "18:35:19 PDT"]
[Termination "gobbles19 won by resignation"]

1. e4 d6 2. d4 Nf6 3. Nc3 g6 4. Bg5 h6 5. Be3 Bg7 6. h3 Nbd7 7. Qd2 c6 8. a4 Qa5 9. Bc4 b5 10. Bd3 b4 11. Nce2 c5 12. Nf3 Ba6 13. O-O c4 14. e5 cxd3 15. exf6 dxe2 16. fxg7 exf1=Q+ 17. Rxf1 Rg8 18. Bxh6 Bxf1 19. Kxf1 Qxa4 20. Qg5 Rc8 21. Qd5 Qxc2 22. Kg1 Qc6 0-1

[Event "Live Chess"]
[Site "Chess.com"]
[Date "2024.06.02"]
[Round "-"]
[White "StoreySniper"]
[Black "Dhaydon19"]
[Result "0-1"]
[WhiteElo "2511"]
[BlackElo "2683"]
[TimeControl "300"]
[EndTime "18:35:41 PDT"]
[Termination "Dhaydon19 won by resignation"]

1. e4 e6 2. d4 d5 3. Nd2 dxe4 4. Nxe4 Be7 5. Nf3 Nd7 6. Bd3 Ngf6 7. Ng3 b6 8. Be3 Bb7 9. O-O O-O 10. c4 c5 11. Qe2 cxd4 12. Bxd4 Nc5 13. Rfd1 Nxd3 14. Rxd3 Qc7 15. b3 Rad8 16. Rad1 h6 17. h3 Rfe8 18. Be5 Qc8 19. Bd6 Bxd6 20. Rxd6 Rxd6 21. Rxd6 Rd8 22. Rxd8+ Qxd8 23. Ne5 Qd4 24. Kh2 Qf4 25. Nd3 Qd6 26.
f4 Qd4 27. Qe5 Qd8 28. Qe3 h5 29. Ne5 h4 30. Ne2 Ne4 31. Nf3 Nd6 32. Ng5 Nf5 33.
Qe5 Qc8 34. Nd4 Nxd4 35. Qxd4 f6 36. Ne4 Qc6 37. Qd8+ Kh7 38. Nxf6+ gxf6 39. Qe7+ Kg6 40. f5+ exf5 41. Qe2 Qd6+ 42. Kh1 Qe5 0-1

[Event "Live Chess"]
[Site "Chess.com"]
[Date "2024.06.02"]
[Round "-"]
[White "WelshTiger"]
[Black "CarmelJane"]
[Result "0-1"]
[WhiteElo "2430"]
[BlackElo "2047"]
[TimeControl "300"]
[EndTime "18:35:50 PDT"]
[Termination "CarmelJane won by resignation"]

1. e4 c5 2. Nf3 e6 3. c3 Nf6 4. e5 Nd5 5. d4 cxd4 6. cxd4 b6 7. Nc3 Nxc3 8. bxc3 Qc7 9. Bd2 Bb7 10. Bd3 d6 11. exd6 Bxd6 12. O-O Nd7 13. Re1 O-O-O 14. h3 Bf4 15. a4 Nf6 16. a5 Bxf3 17. gxf3 Bxd2 18. Qxd2 bxa5 19. Ba6+ Kd7 20. c4 Ke7 21. Red1 Rd6 22. Rxa5 Rhd8 23. Qb4 Kf8 24. c5 Rd5 25. Bb7 Rg5+ 26.
Kf1 Nd5 27. Bxd5 exd5 28. c6+ Kg8 29. Qc5 Qh2 30. c7 Rg1+ 31. Ke2 Re8+ 32. Kd3 Rxd1+ 33. Kc2 Qxf2+ 34. Kb3 Rb1+ 35. Ka4 Qa2+ 36. Qa3 Qxa3+ 37. Kxa3 Ra1+ 38. Kb4 Rxa5 39. Kxa5 Rc8 0-1

[Event "Live Chess"]
[Site "Chess.com"]
[Date "2024.06.02"]
[Round "-"]
[White "booktrunk"]
[Black "Crowded_House"]
[Result "1/2-1/2"]
[WhiteElo "1504"]
[BlackElo "1701"]
[TimeControl "300"]
[EndTime "18:36:13 PDT"]
[Termination "Game drawn by repetition"]

1. d4 e6 2. Nc3 d5 3. Bf4 Bd6 4. Bxd6 Qxd6 5. Nf3 a6 6. e3 Nf6 7. Bd3 O-O 8. O-O h6 9. a3 Nbd7 10. Be2 c5 11. dxc5 Nxc5 12. b4 Nce4 13. Nxe4 Nxe4 14. Nd2 Nxd2 15. Qxd2 Qe7 16. c4 dxc4 17. Bxc4 Rd8 18.
Qe2 b5 19. Bb3 Bb7 20. Qg4 Rd3 21. Bc2 Rd2 22. Be4 Bxe4 23. Qxe4 Rad8 24. Qf3 Qd6 25.
g3 Qd5 26. Qxd5 R8xd5 27. Kg2 R2d3 28. Kf3 Rc3 29. Rfe1 Rdd3 30. Re2 Rxa3 31. Rxa3 Rxa3 32. Rb2 Rc3 33. Ke4 Kf8 34. Kd4 Rc6 35. Ke5 Ke7 36.
f4 f6+ 37. Ke4 g6 38. h4 f5+ 39. Kf3 Rc4 40. g4 fxg4+ 41. Kxg4 Kf6 42. Rb3 e5 43. Kf3 exf4 44. exf4 g5 45. fxg5+ hxg5 46. hxg5+ Kxg5 47. Ke3 Kf5 48. Kd3 Rc6 49. Kd4 Ke6 50. Kd3 Kd5 51. Ra3 Rb6 52. Kc3 Ke4 53. Kb3 Kd3 54. Ra1 Kd2 55.
Ra2+ Kd3 56. Ra1 Rc6 57. Rd1+ Ke4 58. Re1+ Kd3 59. Rd1+ Ke2 60. Ra1 Rb6 61. Ra2+ Kd3 62. Ra1 1/2-1/2

[Event "Live Chess"]
[Site "Chess.com"]
[Date "2024.06.02"]
[Round "-"]
[White "oscalik"]
[Black "Tushinskiy"]
[Result "0-1"]
[WhiteElo "2261"]
[BlackElo "2268"]
[TimeControl "300"]
[EndTime "18:37:18 PDT"]
[Termination "Tushinskiy won on time"]

1. e4 e5 2. Nf3 d6 3. Nc3 Bg4 4. Bc4 Nf6 5. h3 Nbd7 6. hxg4 Nxg4 7. d4 Ngf6 8. dxe5 dxe5 9. Ng5 Bb4 10. Nxf7 Qe7 11.
Nxh8 O-O-O 12. Bd2 Nb6 13. Bd3 Rxh8 14. Qf3 Kb8 15. O-O-O a5 16. Kb1 a4 17. Nd5 Nbxd5 18. exd5 e4 19. Bxb4 Qxb4 20. c3 Qe7 21. Rhe1 a3 22.
Bxe4 axb2 23. c4 Qc5 24. Qc3 Qxf2 25. Qxb2 Qc5 26. d6 c6 27. d7 Rd8 28. Qd4 Qb4+ 29. Ka1 Rxd7 30. Qe5+ Ka7 31. Rb1 Qd2 32. Qc5+ Kb8 33.
Qb4 Qd4+ 34. Qb2 Nxe4 35. Qxd4 Rxd4 36. Rbc1 Kc7 37. Re2 Kd6 38. Rce1 Nc5 39. Re7 Rg4 40. R1e2 h5 41. Re8 Rxc4 42. Rd2+ Kc7 43. Re7+ Kb6 44. Rxg7 Na4 45. Kb1 Nc3+ 46. Kb2 Ne4 47. Rc2 Rb4+ 48. Ka3 Rd4 49. Rb2+ Kc5 50. Rgxb7 Nd6 51. Rc2+ Nc4+ 52.
Kb3 Rd3+ 53. Rc3 Rxc3+ 54. Kxc3 Ne3 55. Rh7 Nxg2 56. Rxh5+ Kb6 57. a4 Nf4 58. Rf5 Nd5+ 59. Rxd5 cxd5 60. Kd4 Ka5 0-1